 Dungeon Crawl Stone Soup version 0.31-a0-675-g238779eb0a (webtiles) character file.

Game seed: 12076453996851194800

34 Dordric the Changeling (level 3, -3/16 HPs)
             Began as an Octopode Shapeshifter on Sept 5, 2023.
             Slain by a hobgoblin (5 damage)
             ... on level 2 of the Dungeon.
             The game lasted 00:00:47 (1022 turns).

Dordric the Changeling (Octopode Shapeshifter)      Turns: 1022, Time: 00:00:47

Health: -3/16      AC:  1    Str: 13    XL:     3   Next: 31%
Magic:  3/3        EV: 13    Int: 12    God:
Gold:   52         SH:  0    Dex: 13    Spells: 2/2 levels left

rFire   . .          .
                       - Unarmed
rCold   . . .        (shield currently unavailable)
rNeg    . . .        (helmet restricted)
rPois   .            (no amulet)
rElec   .            (no ring)
rCorr   .            (no ring)
SInv    .            (no ring)
Will    .....        (no ring)
Stlth   +            (no ring)
HPRegen 0.22/turn    (no ring)
MPRegen 0.08/turn    (no ring)
                     (no ring)

%: no passive effects
@: flux-form, glowing
A: glow, contaminating, reduced hp, almost no armour, amphibious, 8 rings,
camouflage 1, gelatinous body 1, (nimble swimmer 1), tentacles
a: Begin Untransformation


You were on level 2 of the Dungeon.
You were something dangerously unstable.
You visited 1 branch of the dungeon, and saw 2 of its levels.

You collected 52 gold pieces.

Inventory:

Talismans
 b - a beast talisman
 c - a flux talisman (active)
Scrolls
 d - a scroll of revelation {unknown}
 e - a scroll of noise {unknown}
 h - a scroll of torment {unknown}
Potions
 a - a potion of lignification
 f - a potion of berserk rage {unknown}
 g - a potion of might {unknown}
 i - a potion of enlightenment {unknown}
 j - a potion of curing {unknown}


   Skills:
 - Level 1.0 Fighting
 - Level 2.0 Dodging
 - Level 3.0 Unarmed Combat
 + Level 4.1 Shapeshifting


You had 2 spell levels left.
You didn't know any spells.
Your spell library was empty.

Dungeon Overview and Level Annotations

Branches:
Dungeon (2/15)

Altars:

Shops:
D:1 !


Innate Abilities, Weirdness & Mutations

You are something dangerously unstable.
You glow with magical radiation, making you easy to see and hit.
Foes you strike become dangerously contaminated with magical radiation.
Your maximum health is decreased, since you lack skill for your form.
You are incapable of wielding weapons or throwing items.
You cannot wear most types of armour.
You are amphibious.
You can wear up to eight rings at the same time.
Your skin changes colour to match your surroundings (Stealth+).
Your rubbery body absorbs attacks. (AC +1, EV +1)
((You are camouflaged when in or above water. (Stealth+)))
You have tentacles for arms and can constrict up to eight enemies at once.


Message History

The jackal bites you. The jackal attacks as it pursues you!
The jackal closely misses you. The quokka attacks as it pursues you!
The quokka closely misses you. The jackal bites you. The quokka misses you.
You miss the jackal. Your grab misses the jackal. The jackal bites you. x2
* * * LOW HITPOINT WARNING * * *
A hobgoblin comes into view.
You tentacle-slap the jackal.
The jackal begins to glow.
You grab the jackal.
The jackal is almost dead.
You constrict the jackal, but do no damage.
The jackal barely misses you.
You tentacle-slap the jackal but do no damage.
The jackal glows dangerously bright.
The jackal is almost dead.
You constrict the jackal.
You kill the jackal!
You closely miss the quokka. You grab the quokka. You squeeze the quokka.
The quokka is severely wounded.
You constrict the quokka. The quokka misses you.
You tentacle-slap the quokka but do no damage.
The quokka begins to glow.
The quokka is almost dead.
You constrict the quokka.
You kill the quokka!
The jackal bites you.
* * * LOW HITPOINT WARNING * * *
You tentacle-slap the jackal.
The jackal begins to glow.
You grab the jackal.
The jackal is heavily wounded.
You constrict the jackal. The jackal bites you.
* * * LOW HITPOINT WARNING * * *
You tentacle-slap the jackal.
The jackal glows dangerously bright.
You squeeze the jackal.
You kill the jackal!
You tentacle-slap the hobgoblin.
The hobgoblin begins to glow.
You grab the hobgoblin.
The hobgoblin is severely wounded.
You constrict the hobgoblin, but do no damage.
The hobgoblin hits you.
You die...

#......# #. #......# #.
######### #......# #.
........####......# #.
........##........# #.
..................# #.
........####......# #.
........'g.#........ #.
........##B#......### #.
........##†##...<... #.
........#...#....#########'
....#####...#....#.........
..#. #...# #......... ..#
#...# .#......... #...#
..#......... .#####...#
...#.........
.[.......##....#########†


You could see a hobgoblin (contam).

Vanquished Creatures
  2 dart slugs (D:1)
  An endoplasm (D:1)
  A giant cockroach (D:2)
  2 goblins
  4 hobgoblins (D:1)
  6 jackals (D:2)
  4 kobolds (D:1)
  2 quokkas
  2 bats (D:1)
  2 frilled lizards (D:1)
26 creatures vanquished.

Notes
Turn   | Place    | Note
-------+----------+-------------------------------------------
     0 | D:1      | Dordric the Octopode Shapeshifter began the quest for the
                  | Orb.
     0 | D:1      | Reached XP level 1. HP: 13/13 MP: 1/1
   204 | D:1      | Reached XP level 2. HP: 16/18 MP: 2/2
   281 | D:1      | Found a faded altar of an unknown god.
   430 | D:1      | Found Ykhiv's Distillery.
   851 | D:2      | Reached XP level 3. HP: 16/23 MP: 3/3
   854 | D:2      | Reached skill level 4 in Shapeshifting
  1022 | D:2      | Slain by a hobgoblin

Illustrated notes

Levels and vault maps discovered:
D:1:      dpeg_arrival_another_circle, layout_basic,
          shapermc_ecumenical_altar_mp_vishouse, serial_shops, shop,
          minmay_misc_feat_pillars
D:2:      layout_basic

Skill      XL: |  1  2  3 |
---------------+----------+-----
Shapeshifting  | 4 |  4.1
Fighting       | |  1.0
Dodging        | |  2.0
Unarmed Combat | |  3.0

Action                     || total
---------------------------++-------
  Melee: Unarmed           ||    57
         Constrict         ||    21
         Tentacles         ||     9
   Stab: Sleeping          ||     3
 Armour: Skin              ||    24
  Dodge: Dodged            ||    35
   Form: Flux              ||     1

Table legend: (Time is in decaauts)
 A = Elapsed time spent in this place.
 B = Non-inter-level travel time spent in this place.
 C = Inter-level travel time spent in this place.
 D = Time resting spent in this place.
 E = Time spent auto-exploring this place.
 F = Levels seen in this place.
 G = Mean time per level.
                   A        B        C        D        E       F      G
               +--------+--------+--------+--------+--------+-----+--------+
         Total |   1018 |    989 |     29 |      0 |    845 |   2 |  509.0 |
       Dungeon |   1018 |    989 |     29 |      0 |    845 |   2 |  509.0 |
               +--------+--------+--------+--------+--------+-----+--------+

Top non-repeatable levels by time:
     D:1: 766 daAuts
     D:2: 251 daAuts
